 Dungeon Crawl Stone Soup version 0.23-a0-270-gab6feb3 (webtiles) character file.

285 RonnieColeman the Conjurer (level 6, 0/36 HPs)
             Began as an Octopode Conjurer on Sept 30, 2018.
             Slain by an orc
             ... wielding a +0 great mace
              (13 damage)
             ... on level 4 of the Dungeon.
             The game lasted 00:08:16 (3123 turns).

RonnieColeman the Conjurer (Octopode Conjurer)      Turns: 3123, Time: 00:08:16

Health: 0/36       AC:  1    Str:  8    XL:     6   Next: 29%
Magic:  1/13       EV: 13    Int: 19    God:
Gold:   241        SH:  0    Dex: 12    Spells: 10/15 levels left

rFire    . . .     SeeInvis .   p - +4 dagger
rCold    + . .     Gourm    .   (no shield)
rNeg     . . .     Faith    .   (helmet restricted)
rPois    .         Spirit   .   (no amulet)
rElec    .         Reflect  .   m - ring of protection from cold
rCorr    .         Harm     .   (no ring)
MR       .....                  (no ring)
Stlth    +++.......             (no ring)
HPRegen  0.12/turn              (no ring)
MPRegen  0.13/turn              (no ring)
                                (no ring)
                                (no ring)

@: no status effects
A: almost no armour, stealthy swim, amphibious, 8 rings, constrict 8, camouflage
1, gelatinous body 1
a: no special abilities


You were on level 4 of the Dungeon.
You were hungry.

You visited 1 branch of the dungeon, and saw 4 of its levels.

You collected 241 gold pieces.

Inventory:

Hand Weapons
 p - a +4 dagger (weapon)
Jewellery
 m - a ring of protection from cold (left tentacle)
Wands
 a - a wand of flame (29)
Scrolls
 c - 3 scrolls of remove curse {unknown}
 e - 6 scrolls of identify {unknown}
 f - a scroll of random uselessness {unknown}
 g - 3 scrolls of noise {unknown}
 h - a scroll of teleportation {unknown}
 k - a scroll of amnesia {unknown}
 q - a scroll of blinking {unknown}
Potions
 d - a potion of agility {unknown}
 i - a potion of cancellation {unknown}
 j - a potion of ambrosia {unknown}
 l - a potion of mutation {unknown}
 n - a potion of heal wounds {unknown}
 o - 3 potions of curing
Comestibles
 b - 9 rations


   Skills:
 - Level 2.0 Dodging
 - Level 2.6 Stealth
 * Level 5.0 Spellcasting
 + Level 5.3 Conjurations


You had 10 spell levels left.
You knew the following spells:

 Your Spells              Type           Power        Failure   Level  Hunger
a - Magic Dart            Conj           ###.         1%          1    None
c - Iskenderun's Mystic   Conj           ###.....     14%         4    ####...

Your spell library contained the following spells:

 Spells                   Type           Power        Failure   Level  Hunger
 Searing Ray              Conj           ###...       2%          2    #......
 Dazzling Spray           Conj/Hex       ##....       13%         3    ##.....
 Force Lance              Conj/Tloc      ##......     38%         4    ####...
 Fulminant Prism          Conj/Hex       ##........   38%         4    ####...


Dungeon Overview and Level Annotations

Branches:
Dungeon (4/15)
 Temple: D:4-7

Altars:
Cheibriados
Uskayaw
Zin

Annotations:
D:2 Sigmund


Innate Abilities, Weirdness & Mutations

You cannot wear most types of armour.
You are very stealthy in the water. (Stealth+)
You are amphibious.
You can wear up to eight rings at the same time.
You can use your tentacles to constrict eight enemies at once.
Your skin changes colour to match your surroundings (Stealth+).
Your rubbery body absorbs attacks. (AC +1, EV +1)


Message History

Press: ? - help, Shift-Dir - straight line, f - orc
Aim: an orc, wielding a great mace (moderately wounded)
Okay, then.
You see here 23 stones.
Casting: Magic Dart (safe; 1% risk of failure)
Confirm with . or Enter, or press ? or * to list all spells.
Aiming: Magic Dart (safe; 1% risk of failure)
Press: ? - help, Shift-Dir - straight line, f - orc priest
Aim: an orc priest, wielding a mace (heavily wounded)
The magic dart hits the orc priest.
The orc priest is severely wounded.
Casting: Magic Dart (safe; 1% risk of failure)
Confirm with . or Enter, or press ? or * to list all spells.
Aiming: Magic Dart (safe; 1% risk of failure)
Press: ? - help, Shift-Dir - straight line, f/p - orc priest
Aim: an orc priest, wielding a mace (severely wounded)
The magic dart hits the orc priest.
The orc priest is severely wounded.
The orc hits you with a great mace!
You die...

#.# #.w###
#....###
#.§≈.≈≈#
#.≈#o#≈##
#.o'_'..#
##≈#'#§§#
#≈≈o§≈.####
##@.#.÷...#
..#
#.######.#
.. #.# #.##
#. #.#
#..### #.
#.. ##...#
#. ##.
###.## #. .
#..# # #.
##.## #
#..####


You could see an orc priest, a dart slug and 2 orcs.

Vanquished Creatures
  Menkaure (D:4)
  Terence (D:3)
  5 adders
  A worm (D:3)
  2 dart slugs
  6 leopard geckos
  7 orcs
  10 bats
  5 giant cockroaches
  8 goblins
  12 hobgoblins
  A quokka (D:3)
  2 frilled lizards
  6 kobolds
  7 rats
74 creatures vanquished.

Notes
Turn   | Place    | Note
-------+----------+-------------------------------------------
     0 | D:1      | RonnieColeman the Octopode Conjurer began the quest for the
                  | Orb.
     0 | D:1      | Reached XP level 1. HP: 11/11 MP: 3/3
   629 | D:1      | Reached XP level 2. HP: 17/17 MP: 5/5
  1530 | D:2      | Reached XP level 3. HP: 17/21 MP: 4/7
  1883 | D:2      | Found a hide-covered altar of Uskayaw.
  1911 | D:2      | Noticed Sigmund
  1943 | D:2      | Reached XP level 4. HP: 27/27 MP: 7/9
  2273 | D:3      | Found a snail-covered altar of Cheibriados.
  2333 | D:3      | Noticed Terence
  2343 | D:3      | Killed Terence
  2343 | D:3      | Reached XP level 5. HP: 24/31 MP: 4/11
  2713 | D:4      | Learned a level 4 spell: Iskenderun's Mystic Blast
  2748 | D:4      | Found a glowing silver altar of Zin.
  3105 | D:4      | Noticed Menkaure
  3115 | D:4      | Killed Menkaure
  3115 | D:4      | Reached skill level 5 in Spellcasting
  3115 | D:4      | Reached skill level 5 in Conjurations
  3115 | D:4      | Reached XP level 6. HP: 12/36 MP: 2/13
  3123 | D:4      | Slain by an orc

Vault maps used:
D:1:      minmay_arrival_nine_rooms
D:2:      lemuel_coloured_pillars_altar, first_ration, mrwooster_statue_mirror,
          uniq_sigmund
D:3:      minmay_wonky_spiral, serial_glass, glass_columns_c, glass_columns_a,
          kennysheep_slug_shrine, uniq_terence
D:4:      kennysheep_mini_moat, uniq_menkaure

Skill      XL: |  1  2  3  4  5 |
---------------+----------------+-----
Spellcasting   | 3 4 5 |  5.0
Conjurations   | 5 |  5.3
Dodging        | |  2.0
Stealth        | |  2.6

Action                   |  1- 3 |  4- 6 || total
-------------------------+-------+-------++-------
Melee: Short sword       |    49 |    12 ||    61
       Unarmed           |     2 |       ||     2
       Constrict         |    13 |    14 ||    27
       Tentacles         |     5 |     6 ||    11
       Dagger            |       |    29 ||    29
 Cast: Magic Dart        |    25 |    63 ||    88
 Stab: Sleeping          |    10 |     1 ||    11
  Eat: Chunk             |     3 |     3 ||     6
Armor: Skin              |     4 |     4 ||     8
Dodge: Dodged            |    26 |    30 ||    56

Table legend:
 A = Non-vault XP
 B = Vault XP
 C = Vault XP percentage of total XP
 D = Non-vault monster count
 E = Vault monster count
 F = Vault count percentage of total count
                 A         B        C        D         E       F
            +---------+---------+-------+---------+---------+-------
      Total |     178 |     230 |  56.4 |      67 |       7 |   9.5
            +---------+---------+-------+---------+---------+-------
        D:1 |      30 |       0 |   0.0 |      17 |       0 |   0.0
        D:2 |      69 |       0 |   0.0 |      20 |       0 |   0.0
        D:3 |      30 |      58 |  65.9 |      16 |       6 |  27.3
        D:4 |      49 |     172 |  77.8 |      14 |       1 |   6.7
            +---------+---------+-------+---------+---------+-------
